Workbook

Sheet RELATÓRIO FINAL - HORA MÉDICA
A1: RESUMO VALORES FINAIS – CONTRATAÇÃO POR HORA TRABALHADA
A3: Cargo/Valor | B3: Valor Unitário Mensal (R$) | C3: Quantidade Horas Mensal | D3: Valor Total Mensal (R$) | E3: Valor Anual (R$)
A4: Médico M1 | B4: ='M1 - HORA MÉDICA'!C152 -> 172.4 | C4: ='M1 - HORA MÉDICA'!G152 -> 7680 | D4: =B4*C4 -> 1324032 | E4: =D4*12 -> 15888384
A5: Médico M2 | B5: ='M2 - HORA MÉDICA'!C152 -> 234.81 | C5: ='M2 - HORA MÉDICA'!G152 -> 2800 | D5: =B5*C5 -> 657468 | E5: =D5*12 -> 7889616
A6: Médico M3 | B6: ='M3 - HORA MÉDICA'!C152 -> 237.28 | C6: ='M3 - HORA MÉDICA'!G152 -> 12960 | D6: =B6*C6 -> 3075148.8 | E6: =D6*12 -> 36901786
A7: Médico M4 | B7: ='M4 - HORA MÉDICA'!C152 -> 285.35 | C7: ='M4 - HORA MÉDICA'!G152 -> 4800 | D7: =B7*C7 -> 1369680 | E7: =D7*12 -> 16436160
A8: TOTAL | C8: =SUM(C4:C7) -> 28240 | D8: =SUM(D4:D7) -> 6426328.8 | E8: =SUM(E4:E7) -> 77115946
A14: OLDAIR PRIMIERI
A15: Contador PM Bento Gonçalves - RS
A16: Sec. de Finanças – CRC/RS-091476/O7

Sheet M1 - HORA MÉDICA
A1: PLANILHA DE CUSTOS E FORMAÇÃO DE PREÇOS
A2: Nº do processo:
A3: Licitação nº: | H3: Pregão:
A4: Data:
A5: DISCRIMINAÇÃO DOS SERVIÇOS (DADOS REFERENTES À CONTRATAÇÃO)
A6: A | B6: Data de apresentação da proposta (dia/mês/ano)
A7: B | B7: Município/UF | H7: Bento Gonçalves/RS
A8: C | B8: Ano do Acordo, Convenção ou Dissídio Coletivo | H8: Remuneração de Mercado aplicado à Lei nº 3.999, de 15 de dezembro de 1961
A9: D | B9: Número de meses de execução contratual | H9: 12
A10: E | B10: Quantidade de horas contratadas | H10: 7680
A11: IDENTIFICAÇÃO DO SERVIÇO
A12: 1. MÓDULOS Mão de obra Mão de obra vinculada à execução contratual
A14: Dados para composição dos custos referente à mão de obra
A15: 1 | B15: Tipo de Serviço (mesmo serviço com características distintas) | H15: MÉDICO – M1
A16: 2 | B16: Classificação Brasileira de Ocupações (CBO)
A17: 3 | B17: Média por hora conforme pesquisa de mercado | H17: 127.14
A18: 4 | B18: Categoria Profissional (vinculada à execução contratual) | H18: =H15 -> MÉDICO – M1
A19: 5 | B19: Data-Base do Cálculo (dia/mês/ano) | H19: 46091
A21: Módulo 1: Composição da Remuneração
A22: 1 | B22: Composição da Remuneração | H22: Percentual (R$) | J22: Valor (R$)
A23: A | B23: Hora base | J23: =ROUND(H17/220*220,2) -> 127.14
A24: B | B24: Outros (especificar) | I24: 0 | J24: =J23*I24 -> 0
A25: C
A26: Total | J26: =SUM(J23:J25) -> 127.14
A28: Módulo 2 – Encargos e Benefícios Anuais, Mensais e Diários
A29: Submódulo 2.1 – 13º (décimo terceiro) Salário e Adicional de Férias
A30: 2.1 | B30: 13º (décimo terceiro) Salário e Adicional de Férias | J30: Valor (R$)
A31: A | B31: 13º (décimo terceiro) Salário Obrigatória a cotação de 8,33% sobre o valor do Módulo 1 – Composição da Remuneração, conforme Anexo XII da IN 5/17 | J31: 0
A32: B | B32: Férias Obrigatória a cotação de 3,025% sobre o valor do Módulo 1 – Composição da Remuneração, conforme Anexo XII da IN 5/17 (Férias + Adicional = 9,075% + 3,025% = 12,10%) | J32: 0
A33: C | B33: Adicional de Férias | J33: 0
A34: Total | J34: =SUM(J31+J33+J32) -> 0
A36: Total | J36: =J34+J35 -> 0
A38: Submódulo 2.2 - Encargos Previdenciários (GPS), Fundo de Garantia por Tempo de Serviço (FGTS) e outras contribuições
A39: 2.2 | B39: GPS, FGTS e outras contribuições | I39: Percentual (%) | J39: Valor (R$)
A40: A | B40: INSS
A41: B | B41: Salário Educação
A42: C | B42: SAT (Seguro Acidente de Trabalho) | E42: RAT | F42: 1 | G42: FAP | H42: 1
A43: D | B43: SESC ou SESI
A44: E | B44: SENAC ou SENAI
A45: F | B45: SEBRAE
A46: G | B46: INCRA
A47: H | B47: FGTS
A48: Total | I48: =SUM(I40:I47) -> 0 | J48: =SUM(J40:J47) -> 0
A50: Submódulo 2.3 – Benefícios Mensais e Diários
A51: 2.3 | B51: Benefícios Mensais e Diários | J51: Valor (R$)
A52: A | B52: Auxilio Transporte ) Cálculo do valor: [(2xVTx22) – (6%xSB)] | J52: 0
B53: A.1) Valor da passagem do transporte coletivo no município de prestação dos serviços: | J53: -
B54: A.2) Quantidade de passagens por dia por empregado:
B55: A.3) Quantidade de dias do mês de recebimento de passagens
A56: B | B56: Auxílio-Refeição/Alimentação Cálculo do valor = [(22xVA) | J56: =ROUND((I57*I58*81%),2) -> 0
B57: B.1) Valor do auxílio-alimentação | J57: -
B58: B.2) Quantidade de dias do mês de recebimento de auxílio-alimentação
A59: C | B59: Plano de saúde | J59: 0
A60: D | B60: Auxilio-creche | J60: 0
A61: E | B61: Assistência á saude ( Cláusula quinquagésima oitava ) | J61: 0
A62: F | B62: Outros (especificar) | J62: -
A63: Total | J63: =SUM(J52:J61) -> 0
A65: Quadro-Resumo do Módulo 2 – Encargos e Benefícios Anuais, Mensais e Diários
A66: 2 | B66: Encargos e Benefícios Anuais, Mensais e Diários | J66: Valor (R$)
A67: 2.1 | B67: 13º (décimo terceiro) Salário, Férias e Adicional de Férias | J67: =J36 -> 0
A68: 2.2 | B68: GPS, FGTS e outras contribuições | J68: =J48 -> 0
A69: 2.3 | B69: Benefícios Mensais e Diários | J69: =J63 -> 0
A70: Total | J70: =SUM(J67+J68+J69) -> 0
A72: Módulo 3 - Provisão para Rescisão
A73: 3 | B73: Provisão para Rescisão | J73: Valor (R$)
A74: A | B74: Aviso Prévio Indenizado{[0,05 x (1 / 12)] x 100} = {[0,05 x 0,0833] x 100} = {0,0041 x 100} | J74: =I74*J26 -> 0
A75: B | B75: Incidência do FGTS sobre o Aviso Prévio Indenizado | J75: =ROUND($J$74*I47,2) -> 0
A76: C | B76: Aviso Prévio Trabalhado (negociar extinção/redução na 1ª prorrogação. Em caso de prorrogação de contrato, o percentual máximo dessa parcela será de 0,194% a cada ano de prorrogação) Cálculo: {[(7/ 30) / 12] x 100} = {[0,2333 / 12] x 100} = {0,0194 x 100} | J76: =ROUND($J$26*I76,2) -> 0
A77: D | B77: Incidência dos encargos do Submódulo 2.2 sobre o Aviso Prévio Trabalhado | J77: =I77*J26 -> 0
A78: E | B78: Multa do FGTS e contribuição social sobre o Aviso Prévio Trabalhado Obrigatória a cotação de 4,76% sobre o valor do Módulo 1 – Composição da Remuneração, conforme Anexo XII da IN Seges nº 5/2017 (4,76%+0,24% = 5,0%) | J78: =ROUND($I$48*J77,2) -> 0
A79: Total | J79: =SUM(J74:J78) -> 0
A81: Módulo 4 - Custo de Reposição do Profissional Ausente
A82: Base de cálculo para o Custo de Reposição do Profissional Ausente (substituto): BCCPA = Rem + 13º + Férias + 1/3Férias (exceto a linha “A” que tem % fixo pela conta vinculada e o Afastamento Maternidade) - Conforme item 89 do Relatório do Acórdão TCU n 1.753/2008 do Plenário | J82: =J85+J31+J32 -> 0
A84: 4.1 | B84: Ausências Legais | J84: Valor (R$)
A85: A | B85: Férias Obrigatória a cotação de 9,075% sobre o valor do Módulo 1 – Composição da Remuneração, conforme Anexo XII da IN 5/17 (Férias + Adicional = 9,075% + 3,025% = 12,10%) | J85: =ROUND(($J$26*I85),2) -> 0
A86: B | B86: Ausências Legais Cálculo do valor = [(BCCPA/30)x2,96dias]/12 | J86: =ROUND((J$26*I86),2) -> 0
A87: C | B87: Licença-Paternidade Cálculo do valor = {[(BCCPA/30)x5dias]/12}x1,5% | J87: =ROUND((J$26*I87),2) -> 0
A88: D | B88: Ausência por acidente de trabalho Cálculo do valor = {[(BCCPA/30)x15dias]/12}x0,78% | J88: =ROUND((J$26*I88),2) -> 0
A89: E | B89: Ausência por doença Cálculo do valor = {[(Rem+1/3Rem)/12]x(4/12)}x2% | J89: =ROUND((J$26*I89),2) -> 0
A90: F | B90: Outros (Especificar) | J90: =ROUND((J$26*I90),2) -> 0
A91: Total | J91: =SUM(J85:J90) -> 0
A92: G | B92: Incidência dos encargos do Submódulo 2.2 sobre o total do Submódulo 4.1 | J92: =ROUND(I48*J91,2) -> 0
A93: Total | J93: =SUM(J91:J92) -> 0
A94: 4.2 | B94: Intrajornada | J94: Valor (R$)
A95: A | B95: Intervalo para repouso ou alimentação | J95: 0
A96: Total | J96: 0
A97: B | B97: Incidência dos encargos do Submódulo 2.2 sobre o total do Submódulo 4.2 | J97: =ROUND(I48*J96,2) -> 0
A98: Total | J98: =SUM(J96:J97) -> 0
A100: Quadro-Resumo do Módulo 4 – Custo de Reposição do Profissional Ausente
A101: 4 | B101: Custo de Reposição do Profissional Ausente | J101: Valor (R$)
A102: 4.1 | B102: Ausências Legais | J102: 0
A103: 4.2 | B103: Intrajornada | J103: =J98 -> 0
A104: Total | J104: =SUM(J102+J103) -> 0
A106: Módulo 5 – Insumos Diversos
A107: 5 | B107: Insumos diversos | J107: Valor (R$)
A108: A | B108: Uniformes | J108: 500
A109: B | B109: Materiais | J109: 0
A110: C | B110: Equipamentos (Relógio-ponto eletrônico/biométrico + sistema) | J110: 0.55
A111: D | B111: Escritório no município | J111: 0
A112: E | B112: Veículos + combustível + telefone surpevisor | J112: 0.69
...

Sheet M2 - HORA MÉDICA
A1: PLANILHA DE CUSTOS E FORMAÇÃO DE PREÇOS
A2: Nº do processo:
A3: Licitação nº: | H3: Pregão:
A4: Data:
A5: DISCRIMINAÇÃO DOS SERVIÇOS (DADOS REFERENTES À CONTRATAÇÃO)
A6: A | B6: Data de apresentação da proposta (dia/mês/ano)
A7: B | B7: Município/UF | H7: Bento Gonçalves/RS
A8: C | B8: Ano do Acordo, Convenção ou Dissídio Coletivo | H8: Remuneração de Mercado aplicado à Lei nº 3.999, de 15 de dezembro de 1961
A9: D | B9: Número de meses de execução contratual | H9: 12
A10: E | B10: Quantidade de horas contratadas | H10: 2800
A11: IDENTIFICAÇÃO DO SERVIÇO
A12: 1. MÓDULOS Mão de obra Mão de obra vinculada à execução contratual
A14: Dados para composição dos custos referente à mão de obra
A15: 1 | B15: Tipo de Serviço (mesmo serviço com características distintas) | H15: MÉDICO – M2
A16: 2 | B16: Classificação Brasileira de Ocupações (CBO)
A17: 3 | B17: Média por hora conforme pesquisa de mercado | H17: 173.23
A18: 4 | B18: Categoria Profissional (vinculada à execução contratual) | H18: =H15 -> MÉDICO – M2
A19: 5 | B19: Data-Base do Cálculo (dia/mês/ano) | H19: 46091
A21: Módulo 1: Composição da Remuneração
A22: 1 | B22: Composição da Remuneração | H22: Percentual (R$) | J22: Valor (R$)
A23: A | B23: Hora base | J23: =ROUND(H17/220*220,2) -> 173.23
A24: B | B24: Outros (especificar) | I24: 0 | J24: =J23*I24 -> 0
A25: C
A26: Total | J26: =SUM(J23:J25) -> 173.23
A28: Módulo 2 – Encargos e Benefícios Anuais, Mensais e Diários
A29: Submódulo 2.1 – 13º (décimo terceiro) Salário e Adicional de Férias
A30: 2.1 | B30: 13º (décimo terceiro) Salário e Adicional de Férias | J30: Valor (R$)
A31: A | B31: 13º (décimo terceiro) Salário Obrigatória a cotação de 8,33% sobre o valor do Módulo 1 – Composição da Remuneração, conforme Anexo XII da IN 5/17 | J31: 0
A32: B | B32: Férias Obrigatória a cotação de 3,025% sobre o valor do Módulo 1 – Composição da Remuneração, conforme Anexo XII da IN 5/17 (Férias + Adicional = 9,075% + 3,025% = 12,10%) | J32: 0
A33: C | B33: Adicional de Férias | J33: 0
A34: Total | J34: =SUM(J31+J33+J32) -> 0
A36: Total | J36: =J34+J35 -> 0
A38: Submódulo 2.2 - Encargos Previdenciários (GPS), Fundo de Garantia por Tempo de Serviço (FGTS) e outras contribuições
A39: 2.2 | B39: GPS, FGTS e outras contribuições | I39: Percentual (%) | J39: Valor (R$)
A40: A | B40: INSS
A41: B | B41: Salário Educação
A42: C | B42: SAT (Seguro Acidente de Trabalho) | E42: RAT | F42: 1 | G42: FAP | H42: 1
A43: D | B43: SESC ou SESI
A44: E | B44: SENAC ou SENAI
A45: F | B45: SEBRAE
A46: G | B46: INCRA
A47: H | B47: FGTS
A48: Total | I48: =SUM(I40:I47) -> 0 | J48: =SUM(J40:J47) -> 0
A50: Submódulo 2.3 – Benefícios Mensais e Diários
A51: 2.3 | B51: Benefícios Mensais e Diários | J51: Valor (R$)
A52: A | B52: Auxilio Transporte ) Cálculo do valor: [(2xVTx22) – (6%xSB)] | J52: 0
B53: A.1) Valor da passagem do transporte coletivo no município de prestação dos serviços: | J53: -
B54: A.2) Quantidade de passagens por dia por empregado:
B55: A.3) Quantidade de dias do mês de recebimento de passagens
A56: B | B56: Auxílio-Refeição/Alimentação Cálculo do valor = [(22xVA) | J56: =ROUND((I57*I58*81%),2) -> 0
B57: B.1) Valor do auxílio-alimentação | J57: -
B58: B.2) Quantidade de dias do mês de recebimento de auxílio-alimentação
A59: C | B59: Plano de saúde | J59: 0
A60: D | B60: Auxilio-creche | J60: 0
A61: E | B61: Assistência á saude ( Cláusula quinquagésima oitava ) | J61: 0
A62: F | B62: Outros (especificar) | J62: -
A63: Total | J63: =SUM(J52:J61) -> 0
A65: Quadro-Resumo do Módulo 2 – Encargos e Benefícios Anuais, Mensais e Diários
A66: 2 | B66: Encargos e Benefícios Anuais, Mensais e Diários | J66: Valor (R$)
A67: 2.1 | B67: 13º (décimo terceiro) Salário, Férias e Adicional de Férias | J67: =J36 -> 0
A68: 2.2 | B68: GPS, FGTS e outras contribuições | J68: =J48 -> 0
A69: 2.3 | B69: Benefícios Mensais e Diários | J69: =J63 -> 0
A70: Total | J70: =SUM(J67+J68+J69) -> 0
A72: Módulo 3 - Provisão para Rescisão
A73: 3 | B73: Provisão para Rescisão | J73: Valor (R$)
A74: A | B74: Aviso Prévio Indenizado{[0,05 x (1 / 12)] x 100} = {[0,05 x 0,0833] x 100} = {0,0041 x 100} | J74: =I74*J26 -> 0
A75: B | B75: Incidência do FGTS sobre o Aviso Prévio Indenizado | J75: =ROUND($J$74*I47,2) -> 0
A76: C | B76: Aviso Prévio Trabalhado (negociar extinção/redução na 1ª prorrogação. Em caso de prorrogação de contrato, o percentual máximo dessa parcela será de 0,194% a cada ano de prorrogação) Cálculo: {[(7/ 30) / 12] x 100} = {[0,2333 / 12] x 100} = {0,0194 x 100} | J76: =ROUND($J$26*I76,2) -> 0
A77: D | B77: Incidência dos encargos do Submódulo 2.2 sobre o Aviso Prévio Trabalhado | J77: =I77*J26 -> 0
A78: E | B78: Multa do FGTS e contribuição social sobre o Aviso Prévio Trabalhado Obrigatória a cotação de 4,76% sobre o valor do Módulo 1 – Composição da Remuneração, conforme Anexo XII da IN Seges nº 5/2017 (4,76%+0,24% = 5,0%) | J78: =ROUND($I$48*J77,2) -> 0
A79: Total | J79: =SUM(J74:J78) -> 0
A81: Módulo 4 - Custo de Reposição do Profissional Ausente
A82: Base de cálculo para o Custo de Reposição do Profissional Ausente (substituto): BCCPA = Rem + 13º + Férias + 1/3Férias (exceto a linha “A” que tem % fixo pela conta vinculada e o Afastamento Maternidade) - Conforme item 89 do Relatório do Acórdão TCU n 1.753/2008 do Plenário | J82: =J85+J31+J32 -> 0
A84: 4.1 | B84: Ausências Legais | J84: Valor (R$)
A85: A | B85: Férias Obrigatória a cotação de 9,075% sobre o valor do Módulo 1 – Composição da Remuneração, conforme Anexo XII da IN 5/17 (Férias + Adicional = 9,075% + 3,025% = 12,10%) | J85: =ROUND(($J$26*I85),2) -> 0
A86: B | B86: Ausências Legais Cálculo do valor = [(BCCPA/30)x2,96dias]/12 | J86: =ROUND((J$26*I86),2) -> 0
A87: C | B87: Licença-Paternidade Cálculo do valor = {[(BCCPA/30)x5dias]/12}x1,5% | J87: =ROUND((J$26*I87),2) -> 0
A88: D | B88: Ausência por acidente de trabalho Cálculo do valor = {[(BCCPA/30)x15dias]/12}x0,78% | J88: =ROUND((J$26*I88),2) -> 0
A89: E | B89: Ausência por doença Cálculo do valor = {[(Rem+1/3Rem)/12]x(4/12)}x2% | J89: =ROUND((J$26*I89),2) -> 0
A90: F | B90: Outros (Especificar) | J90: =ROUND((J$26*I90),2) -> 0
A91: Total | J91: =SUM(J85:J90) -> 0
A92: G | B92: Incidência dos encargos do Submódulo 2.2 sobre o total do Submódulo 4.1 | J92: =ROUND(I48*J91,2) -> 0
A93: Total | J93: =SUM(J91:J92) -> 0
A94: 4.2 | B94: Intrajornada | J94: Valor (R$)
A95: A | B95: Intervalo para repouso ou alimentação | J95: 0
A96: Total | J96: 0
A97: B | B97: Incidência dos encargos do Submódulo 2.2 sobre o total do Submódulo 4.2 | J97: =ROUND(I48*J96,2) -> 0
A98: Total | J98: =SUM(J96:J97) -> 0
A100: Quadro-Resumo do Módulo 4 – Custo de Reposição do Profissional Ausente
A101: 4 | B101: Custo de Reposição do Profissional Ausente | J101: Valor (R$)
A102: 4.1 | B102: Ausências Legais | J102: 0
A103: 4.2 | B103: Intrajornada | J103: =J98 -> 0
A104: Total | J104: =SUM(J102+J103) -> 0
A106: Módulo 5 – Insumos Diversos
A107: 5 | B107: Insumos diversos | J107: Valor (R$)
A108: A | B108: Uniformes | J108: 500
A109: B | B109: Materiais | J109: 0
A110: C | B110: Equipamentos (Relógio-ponto eletrônico/biométrico + sistema) | J110: 0.55
A111: D | B111: Escritório no município | J111: 0
A112: E | B112: Veículos + combustível + telefone surpevisor | J112: 0.69
...

Sheet M3 - HORA MÉDICA
A1: PLANILHA DE CUSTOS E FORMAÇÃO DE PREÇOS
A2: Nº do processo:
A3: Licitação nº: | H3: Pregão:
A4: Data:
A5: DISCRIMINAÇÃO DOS SERVIÇOS (DADOS REFERENTES À CONTRATAÇÃO)
A6: A | B6: Data de apresentação da proposta (dia/mês/ano)
A7: B | B7: Município/UF | H7: Bento Gonçalves/RS
A8: C | B8: Ano do Acordo, Convenção ou Dissídio Coletivo | H8: Remuneração de Mercado aplicado à Lei nº 3.999, de 15 de dezembro de 1961
A9: D | B9: Número de meses de execução contratual | H9: 12
A10: E | B10: Quantidade de horas contratadas | H10: 12960
A11: IDENTIFICAÇÃO DO SERVIÇO
A12: 1. MÓDULOS Mão de obra Mão de obra vinculada à execução contratual
A14: Dados para composição dos custos referente à mão de obra
A15: 1 | B15: Tipo de Serviço (mesmo serviço com características distintas) | H15: MÉDICO – M3
A16: 2 | B16: Classificação Brasileira de Ocupações (CBO)
A17: 3 | B17: Média por hora conforme pesquisa de mercado | H17: 175.05
A18: 4 | B18: Categoria Profissional (vinculada à execução contratual) | H18: =H15 -> MÉDICO – M3
A19: 5 | B19: Data-Base do Cálculo (dia/mês/ano) | H19: 46091
A21: Módulo 1: Composição da Remuneração
A22: 1 | B22: Composição da Remuneração | H22: Percentual (R$) | J22: Valor (R$)
A23: A | B23: Hora base | J23: =ROUND(H17/220*220,2) -> 175.05
A24: B | B24: Outros (especificar) | I24: 0 | J24: =J23*I24 -> 0
A25: C
A26: Total | J26: =SUM(J23:J25) -> 175.05
A28: Módulo 2 – Encargos e Benefícios Anuais, Mensais e Diários
A29: Submódulo 2.1 – 13º (décimo terceiro) Salário e Adicional de Férias
A30: 2.1 | B30: 13º (décimo terceiro) Salário e Adicional de Férias | J30: Valor (R$)
A31: A | B31: 13º (décimo terceiro) Salário Obrigatória a cotação de 8,33% sobre o valor do Módulo 1 – Composição da Remuneração, conforme Anexo XII da IN 5/17 | J31: 0
A32: B | B32: Férias Obrigatória a cotação de 3,025% sobre o valor do Módulo 1 – Composição da Remuneração, conforme Anexo XII da IN 5/17 (Férias + Adicional = 9,075% + 3,025% = 12,10%) | J32: 0
A33: C | B33: Adicional de Férias | J33: 0
A34: Total | J34: =SUM(J31+J33+J32) -> 0
A36: Total | J36: =J34+J35 -> 0
A38: Submódulo 2.2 - Encargos Previdenciários (GPS), Fundo de Garantia por Tempo de Serviço (FGTS) e outras contribuições
A39: 2.2 | B39: GPS, FGTS e outras contribuições | I39: Percentual (%) | J39: Valor (R$)
A40: A | B40: INSS
A41: B | B41: Salário Educação
A42: C | B42: SAT (Seguro Acidente de Trabalho) | E42: RAT | F42: 1 | G42: FAP | H42: 1
A43: D | B43: SESC ou SESI
A44: E | B44: SENAC ou SENAI
A45: F | B45: SEBRAE
A46: G | B46: INCRA
A47: H | B47: FGTS
A48: Total | I48: =SUM(I40:I47) -> 0 | J48: =SUM(J40:J47) -> 0
A50: Submódulo 2.3 – Benefícios Mensais e Diários
A51: 2.3 | B51: Benefícios Mensais e Diários | J51: Valor (R$)
A52: A | B52: Auxilio Transporte ) Cálculo do valor: [(2xVTx22) – (6%xSB)] | J52: 0
B53: A.1) Valor da passagem do transporte coletivo no município de prestação dos serviços: | J53: -
B54: A.2) Quantidade de passagens por dia por empregado:
B55: A.3) Quantidade de dias do mês de recebimento de passagens
A56: B | B56: Auxílio-Refeição/Alimentação Cálculo do valor = [(22xVA) | J56: =ROUND((I57*I58*81%),2) -> 0
B57: B.1) Valor do auxílio-alimentação | J57: -
B58: B.2) Quantidade de dias do mês de recebimento de auxílio-alimentação
A59: C | B59: Plano de saúde | J59: 0
A60: D | B60: Auxilio-creche | J60: 0
A61: E | B61: Assistência á saude ( Cláusula quinquagésima oitava ) | J61: 0
A62: F | B62: Outros (especificar) | J62: -
A63: Total | J63: =SUM(J52:J61) -> 0
A65: Quadro-Resumo do Módulo 2 – Encargos e Benefícios Anuais, Mensais e Diários
A66: 2 | B66: Encargos e Benefícios Anuais, Mensais e Diários | J66: Valor (R$)
A67: 2.1 | B67: 13º (décimo terceiro) Salário, Férias e Adicional de Férias | J67: =J36 -> 0
A68: 2.2 | B68: GPS, FGTS e outras contribuições | J68: =J48 -> 0
A69: 2.3 | B69: Benefícios Mensais e Diários | J69: =J63 -> 0
A70: Total | J70: =SUM(J67+J68+J69) -> 0
A72: Módulo 3 - Provisão para Rescisão
A73: 3 | B73: Provisão para Rescisão | J73: Valor (R$)
A74: A | B74: Aviso Prévio Indenizado{[0,05 x (1 / 12)] x 100} = {[0,05 x 0,0833] x 100} = {0,0041 x 100} | J74: =I74*J26 -> 0
A75: B | B75: Incidência do FGTS sobre o Aviso Prévio Indenizado | J75: =ROUND($J$74*I47,2) -> 0
A76: C | B76: Aviso Prévio Trabalhado (negociar extinção/redução na 1ª prorrogação. Em caso de prorrogação de contrato, o percentual máximo dessa parcela será de 0,194% a cada ano de prorrogação) Cálculo: {[(7/ 30) / 12] x 100} = {[0,2333 / 12] x 100} = {0,0194 x 100} | J76: =ROUND($J$26*I76,2) -> 0
A77: D | B77: Incidência dos encargos do Submódulo 2.2 sobre o Aviso Prévio Trabalhado | J77: =I77*J26 -> 0
A78: E | B78: Multa do FGTS e contribuição social sobre o Aviso Prévio Trabalhado Obrigatória a cotação de 4,76% sobre o valor do Módulo 1 – Composição da Remuneração, conforme Anexo XII da IN Seges nº 5/2017 (4,76%+0,24% = 5,0%) | J78: =ROUND($I$48*J77,2) -> 0
A79: Total | J79: =SUM(J74:J78) -> 0
A81: Módulo 4 - Custo de Reposição do Profissional Ausente
A82: Base de cálculo para o Custo de Reposição do Profissional Ausente (substituto): BCCPA = Rem + 13º + Férias + 1/3Férias (exceto a linha “A” que tem % fixo pela conta vinculada e o Afastamento Maternidade) - Conforme item 89 do Relatório do Acórdão TCU n 1.753/2008 do Plenário | J82: =J85+J31+J32 -> 0
A84: 4.1 | B84: Ausências Legais | J84: Valor (R$)
A85: A | B85: Férias Obrigatória a cotação de 9,075% sobre o valor do Módulo 1 – Composição da Remuneração, conforme Anexo XII da IN 5/17 (Férias + Adicional = 9,075% + 3,025% = 12,10%) | J85: =ROUND(($J$26*I85),2) -> 0
A86: B | B86: Ausências Legais Cálculo do valor = [(BCCPA/30)x2,96dias]/12 | J86: =ROUND((J$26*I86),2) -> 0
A87: C | B87: Licença-Paternidade Cálculo do valor = {[(BCCPA/30)x5dias]/12}x1,5% | J87: =ROUND((J$26*I87),2) -> 0
A88: D | B88: Ausência por acidente de trabalho Cálculo do valor = {[(BCCPA/30)x15dias]/12}x0,78% | J88: =ROUND((J$26*I88),2) -> 0
A89: E | B89: Ausência por doença Cálculo do valor = {[(Rem+1/3Rem)/12]x(4/12)}x2% | J89: =ROUND((J$26*I89),2) -> 0
A90: F | B90: Outros (Especificar) | J90: =ROUND((J$26*I90),2) -> 0
A91: Total | J91: =SUM(J85:J90) -> 0
A92: G | B92: Incidência dos encargos do Submódulo 2.2 sobre o total do Submódulo 4.1 | J92: =ROUND(I48*J91,2) -> 0
A93: Total | J93: =SUM(J91:J92) -> 0
A94: 4.2 | B94: Intrajornada | J94: Valor (R$)
A95: A | B95: Intervalo para repouso ou alimentação | J95: 0
A96: Total | J96: 0
A97: B | B97: Incidência dos encargos do Submódulo 2.2 sobre o total do Submódulo 4.2 | J97: =ROUND(I48*J96,2) -> 0
A98: Total | J98: =SUM(J96:J97) -> 0
A100: Quadro-Resumo do Módulo 4 – Custo de Reposição do Profissional Ausente
A101: 4 | B101: Custo de Reposição do Profissional Ausente | J101: Valor (R$)
A102: 4.1 | B102: Ausências Legais | J102: 0
A103: 4.2 | B103: Intrajornada | J103: =J98 -> 0
A104: Total | J104: =SUM(J102+J103) -> 0
A106: Módulo 5 – Insumos Diversos
A107: 5 | B107: Insumos diversos | J107: Valor (R$)
A108: A | B108: Uniformes | J108: 500
A109: B | B109: Materiais | J109: 0
A110: C | B110: Equipamentos (Relógio-ponto eletrônico/biométrico + sistema) | J110: 0.55
A111: D | B111: Escritório no município | J111: 0
A112: E | B112: Veículos + combustível + telefone surpevisor | J112: 0.69
...

Sheet M4 - HORA MÉDICA
A1: PLANILHA DE CUSTOS E FORMAÇÃO DE PREÇOS
A2: Nº do processo:
A3: Licitação nº: | H3: Pregão:
A4: Data:
A5: DISCRIMINAÇÃO DOS SERVIÇOS (DADOS REFERENTES À CONTRATAÇÃO)
A6: A | B6: Data de apresentação da proposta (dia/mês/ano)
A7: B | B7: Município/UF | H7: Bento Gonçalves/RS
A8: C | B8: Ano do Acordo, Convenção ou Dissídio Coletivo | H8: Remuneração de Mercado aplicado à Lei nº 3.999, de 15 de dezembro de 1961
A9: D | B9: Número de meses de execução contratual | H9: 12
A10: E | B10: Quantidade de horas contratadas | H10: 4800
A11: IDENTIFICAÇÃO DO SERVIÇO
A12: 1. MÓDULOS Mão de obra Mão de obra vinculada à execução contratual
A14: Dados para composição dos custos referente à mão de obra
A15: 1 | B15: Tipo de Serviço (mesmo serviço com características distintas) | H15: MÉDICO – M4
A16: 2 | B16: Classificação Brasileira de Ocupações (CBO)
A17: 3 | B17: Média por hora conforme pesquisa de mercado | H17: 210.56
A18: 4 | B18: Categoria Profissional (vinculada à execução contratual) | H18: =H15 -> MÉDICO – M4
A19: 5 | B19: Data-Base do Cálculo (dia/mês/ano) | H19: 46091
A21: Módulo 1: Composição da Remuneração
A22: 1 | B22: Composição da Remuneração | H22: Percentual (R$) | J22: Valor (R$)
A23: A | B23: Hora base | J23: =ROUND(H17/220*220,2) -> 210.56
A24: B | B24: Outros (especificar) | I24: 0 | J24: =J23*I24 -> 0
A25: C
A26: Total | J26: =SUM(J23:J25) -> 210.56
A28: Módulo 2 – Encargos e Benefícios Anuais, Mensais e Diários
A29: Submódulo 2.1 – 13º (décimo terceiro) Salário e Adicional de Férias
A30: 2.1 | B30: 13º (décimo terceiro) Salário e Adicional de Férias | J30: Valor (R$)
A31: A | B31: 13º (décimo terceiro) Salário Obrigatória a cotação de 8,33% sobre o valor do Módulo 1 – Composição da Remuneração, conforme Anexo XII da IN 5/17 | J31: 0
A32: B | B32: Férias Obrigatória a cotação de 3,025% sobre o valor do Módulo 1 – Composição da Remuneração, conforme Anexo XII da IN 5/17 (Férias + Adicional = 9,075% + 3,025% = 12,10%) | J32: 0
A33: C | B33: Adicional de Férias | J33: 0
A34: Total | J34: =SUM(J31+J33+J32) -> 0
A36: Total | J36: =J34+J35 -> 0
A38: Submódulo 2.2 - Encargos Previdenciários (GPS), Fundo de Garantia por Tempo de Serviço (FGTS) e outras contribuições
A39: 2.2 | B39: GPS, FGTS e outras contribuições | I39: Percentual (%) | J39: Valor (R$)
A40: A | B40: INSS
A41: B | B41: Salário Educação
A42: C | B42: SAT (Seguro Acidente de Trabalho) | E42: RAT | F42: 1 | G42: FAP | H42: 1
A43: D | B43: SESC ou SESI
A44: E | B44: SENAC ou SENAI
A45: F | B45: SEBRAE
A46: G | B46: INCRA
A47: H | B47: FGTS
A48: Total | I48: =SUM(I40:I47) -> 0 | J48: =SUM(J40:J47) -> 0
A50: Submódulo 2.3 – Benefícios Mensais e Diários
A51: 2.3 | B51: Benefícios Mensais e Diários | J51: Valor (R$)
A52: A | B52: Auxilio Transporte ) Cálculo do valor: [(2xVTx22) – (6%xSB)] | J52: 0
B53: A.1) Valor da passagem do transporte coletivo no município de prestação dos serviços: | J53: -
B54: A.2) Quantidade de passagens por dia por empregado:
B55: A.3) Quantidade de dias do mês de recebimento de passagens
A56: B | B56: Auxílio-Refeição/Alimentação Cálculo do valor = [(22xVA) | J56: =ROUND((I57*I58*81%),2) -> 0
B57: B.1) Valor do auxílio-alimentação | J57: -
B58: B.2) Quantidade de dias do mês de recebimento de auxílio-alimentação
A59: C | B59: Plano de saúde | J59: 0
A60: D | B60: Auxilio-creche | J60: 0
A61: E | B61: Assistência á saude ( Cláusula quinquagésima oitava ) | J61: 0
A62: F | B62: Outros (especificar) | J62: -
A63: Total | J63: =SUM(J52:J61) -> 0
A65: Quadro-Resumo do Módulo 2 – Encargos e Benefícios Anuais, Mensais e Diários
A66: 2 | B66: Encargos e Benefícios Anuais, Mensais e Diários | J66: Valor (R$)
A67: 2.1 | B67: 13º (décimo terceiro) Salário, Férias e Adicional de Férias | J67: =J36 -> 0
A68: 2.2 | B68: GPS, FGTS e outras contribuições | J68: =J48 -> 0
A69: 2.3 | B69: Benefícios Mensais e Diários | J69: =J63 -> 0
A70: Total | J70: =SUM(J67+J68+J69) -> 0
A72: Módulo 3 - Provisão para Rescisão
A73: 3 | B73: Provisão para Rescisão | J73: Valor (R$)
A74: A | B74: Aviso Prévio Indenizado{[0,05 x (1 / 12)] x 100} = {[0,05 x 0,0833] x 100} = {0,0041 x 100} | J74: =I74*J26 -> 0
A75: B | B75: Incidência do FGTS sobre o Aviso Prévio Indenizado | J75: =ROUND($J$74*I47,2) -> 0
A76: C | B76: Aviso Prévio Trabalhado (negociar extinção/redução na 1ª prorrogação. Em caso de prorrogação de contrato, o percentual máximo dessa parcela será de 0,194% a cada ano de prorrogação) Cálculo: {[(7/ 30) / 12] x 100} = {[0,2333 / 12] x 100} = {0,0194 x 100} | J76: =ROUND($J$26*I76,2) -> 0
A77: D | B77: Incidência dos encargos do Submódulo 2.2 sobre o Aviso Prévio Trabalhado | J77: =I77*J26 -> 0
A78: E | B78: Multa do FGTS e contribuição social sobre o Aviso Prévio Trabalhado Obrigatória a cotação de 4,76% sobre o valor do Módulo 1 – Composição da Remuneração, conforme Anexo XII da IN Seges nº 5/2017 (4,76%+0,24% = 5,0%) | J78: =ROUND($I$48*J77,2) -> 0
A79: Total | J79: =SUM(J74:J78) -> 0
A81: Módulo 4 - Custo de Reposição do Profissional Ausente
A82: Base de cálculo para o Custo de Reposição do Profissional Ausente (substituto): BCCPA = Rem + 13º + Férias + 1/3Férias (exceto a linha “A” que tem % fixo pela conta vinculada e o Afastamento Maternidade) - Conforme item 89 do Relatório do Acórdão TCU n 1.753/2008 do Plenário | J82: =J85+J31+J32 -> 0
A84: 4.1 | B84: Ausências Legais | J84: Valor (R$)
A85: A | B85: Férias Obrigatória a cotação de 9,075% sobre o valor do Módulo 1 – Composição da Remuneração, conforme Anexo XII da IN 5/17 (Férias + Adicional = 9,075% + 3,025% = 12,10%) | J85: =ROUND(($J$26*I85),2) -> 0
A86: B | B86: Ausências Legais Cálculo do valor = [(BCCPA/30)x2,96dias]/12 | J86: =ROUND((J$26*I86),2) -> 0
A87: C | B87: Licença-Paternidade Cálculo do valor = {[(BCCPA/30)x5dias]/12}x1,5% | J87: =ROUND((J$26*I87),2) -> 0
A88: D | B88: Ausência por acidente de trabalho Cálculo do valor = {[(BCCPA/30)x15dias]/12}x0,78% | J88: =ROUND((J$26*I88),2) -> 0
A89: E | B89: Ausência por doença Cálculo do valor = {[(Rem+1/3Rem)/12]x(4/12)}x2% | J89: =ROUND((J$26*I89),2) -> 0
A90: F | B90: Outros (Especificar) | J90: =ROUND((J$26*I90),2) -> 0
A91: Total | J91: =SUM(J85:J90) -> 0
A92: G | B92: Incidência dos encargos do Submódulo 2.2 sobre o total do Submódulo 4.1 | J92: =ROUND(I48*J91,2) -> 0
A93: Total | J93: =SUM(J91:J92) -> 0
A94: 4.2 | B94: Intrajornada | J94: Valor (R$)
A95: A | B95: Intervalo para repouso ou alimentação | J95: 0
A96: Total | J96: 0
A97: B | B97: Incidência dos encargos do Submódulo 2.2 sobre o total do Submódulo 4.2 | J97: =ROUND(I48*J96,2) -> 0
A98: Total | J98: =SUM(J96:J97) -> 0
A100: Quadro-Resumo do Módulo 4 – Custo de Reposição do Profissional Ausente
A101: 4 | B101: Custo de Reposição do Profissional Ausente | J101: Valor (R$)
A102: 4.1 | B102: Ausências Legais | J102: 0
A103: 4.2 | B103: Intrajornada | J103: =J98 -> 0
A104: Total | J104: =SUM(J102+J103) -> 0
A106: Módulo 5 – Insumos Diversos
A107: 5 | B107: Insumos diversos | J107: Valor (R$)
A108: A | B108: Uniformes | J108: 500
A109: B | B109: Materiais | J109: 0
A110: C | B110: Equipamentos (Relógio-ponto eletrônico/biométrico + sistema) | J110: 0.55
A111: D | B111: Escritório no município | J111: 0
A112: E | B112: Veículos + combustível + telefone surpevisor | J112: 0.69
...
